 Dungeon Sprint DCSS version 0.27-a0-1342-ga99462a43c (webtiles) character file.

Game seed: 9814137507867968676

7690 Conn the Arsonist (level 11, -1/65 HPs)
             Began as an Octopode Fire Elementalist on June 27, 2021.
             Was a High Priest of Sif Muna.
             Slain by a demonic crawler (12 damage)
             ... in the Dungeon (Sprint I: "Red Sonja").
             The game lasted 00:31:54 (2905 turns).

Conn the Arsonist (Octopode Fire Elementalist)      Turns: 2905, Time: 00:31:55

Health: -1/65      AC:  2    Str:  5    XL:     11   Next: 19%
Magic:  0/27       EV: 15    Int: 23    God:    Sif Muna [*****.]
Gold:   187        SH:  0    Dex: 13    Spells: 0/35 levels left

rFire    + . .     SeeInvis .   g - +0 trident "Qaidewk" {speed, rF+ Int+2}
rCold    . . .     Faith    .   (no shield)
rNeg     . . .     Spirit   .   i - +1 hat {Stlth+}
rPois    .         Reflect  .   (no amulet)
rElec    .         Harm     .   (no ring)
rCorr    .         Rampage  .   (no ring)
Will     .....     NoTele   +   (no ring)
Stlth    ++++++....             (no ring)
HPRegen  0.20/turn              (no ring)
MPRegen  0.20/turn              (no ring)
                                (no ring)
                                (no ring)

@: very slightly contaminated
A: almost no armour, amphibious, 8 rings, camouflage 1, gelatinous body 1,
(nimble swimmer 1), tentacles, weak 1
a: Renounce Religion, Channel Magic, Forget Spell, Divine Exegesis


You were in the Dungeon.
You worshipped Sif Muna.
Sif Muna was extremely pleased with you.
You visited 1 branch You collected 1067 gold pieces.
You spent 880 gold pieces at shops.

Inventory:

Hand Weapons
 b - a +2 dagger of distortion
 g - the +0 trident "Qaidewk" (weapon) {speed, rF+ Int+2}
   (You bought it in a shop in the Dungeon)

   Attacks with this weapon are significantly faster.
   It affects your intelligence (+2).
   It protects you from fire.
Missiles
 a - 4 curare-tipped darts (quivered)
Armour
 i - a +1 hat of stealth (worn)
Wands
 j - a wand of acid (3)
Scrolls
 e - 2 scrolls of identify
Potions
 c - a potion of haste
 d - a potion of magic
 f - 3 potions of curing
 h - a potion of might


   Skills:
 + Level 2.4 Fighting
 + Level 2.9 Polearms
 + Level 0.7 Throwing
 + Level 6.7 Dodging
 - Level 10.7 Stealth
 + Level 12.7 Spellcasting
 + Level 11.9 Conjurations
 + Level 2.3 Summonings
 + Level 3.4 Translocations
 + Level 14.0 Fire Magic
 + Level 3.5 Ice Magic
 * Level 3.4 Air Magic
 + Level 3.3 Earth Magic
 * Level 3.8 Invocations
 + Level 1.5 Evocations


You couldn't memorise any spells.
You knew the following spells:

 Your Spells              Type           Power      Damage    Failure   Level
a - Foxfire               Conj/Fire      100%       2x1d9     1%          1
b - Conjure Flame         Conj/Fire      65%        6-21      1%          3
c - Inner Flame           Hex/Fire       46%        N/A       1%          3
d - Sticky Flame          Conj/Fire      65%        2d8       1%          4
e - Fireball              Conj/Fire      32%        3d14      1%          5
f - Bolt of Magma         Conj/Fire/Erth 28%        4d13      2%          5
g - Airstrike             Air            15%        N/A       11%         4
h - Iskenderun's Mystic   Conj/Tloc      50%        2d11      1%          4
i - Blink                 Tloc           N/A        N/A       1%          2
j - Hailstorm             Conj/Ice       50%        3d11      1%          4

Your spell library contained the following spells:

 Spells                   Type           Power      Damage    Failure   Level
 Magic Dart               Conj           100%       1d8       1%          1
 Searing Ray              Conj           100%       3d7       1%          2
 Static Discharge         Conj/Air       49%        N/A       1%          2
 Dazzling Flash           Conj/Hex       84%        N/A       1%          3
 Ignite Poison            Fire/Tmut/Pois 36%        N/A       1%          3
 Mephitic Cloud           Conj/Pois/Air  38%        N/A       1%          3
 Call Imp                 Summ           25%        N/A       2%          2
 Fulminant Prism          Conj/Hex       21%        3d13      3%          4
 Animate Skeleton         Necr           28%        N/A       4%          1
 Slow                     Hex            14%        N/A       6%          2
 Freezing Cloud           Conj/Ice/Air   21%        6-21      9%          5
 Summon Lightning Spire   Summ/Air       28%        N/A       13%         4
 Animate Dead             Necr           7%         N/A       38%         4
 Metabolic Englaciation   Hex/Ice        11%        N/A       50%         5
 Ignition                 Fire           34%        3d10      65%         8
 Simulacrum               Ice/Necr       11%        N/A       97%         6
 Storm Form               Tmut/Air       11%        N/A       100%        7
 Necromutation            Tmut/Necr      7%         N/A       100%        8
 Polar Vortex             Ice            15%        N/A       100%        9


Dungeon Overview and Level Annotations

Branches:
Dungeon (1/1)

Altars:
Cheibriados
Dithmenos
Elyvilon
Fedhas
Gozag
Hepliaklqana
Kikubaaqudgha
Makhleb
Nemelex Xobeh
Okawaru
Qazlal
Ru
Sif Muna
Trog
Uskayaw
Vehumet
Wu Jian
Xom
Yredelemnul
Zin
The Shining One
Jiyva
Lugonu

Shops:
D *[(([[?(:(*:[((*[:=[[


Innate Abilities, Weirdness & Mutations

You cannot wear most types of armour.
You are amphibious.
You can wear up to eight rings at the same time.
Your skin changes colour to match your surroundings (Stealth+).
Your rubbery body absorbs attacks. (AC +1, EV +1)
((You are camouflaged near water. (Stealth+)))
You have tentacles for arms and can constrict up to eight enemies at once.
You are weak. (Str -2)


Message History

The demonic crawler misses you. The demonic crawler hits you!
Casting: Iskenderun's Mystic Blast (dangerous; 1% risk of failure)
Confirm with . or Enter, or press ? or * to list all spells.
You erupt in a blast of force!
The mystic blast hits the demonic crawler.
The demonic crawler is almost dead.
The demonic crawler is knocked back by the mystic blast.
The demonic crawler collides with the demonic crawler!
The mystic blast hits the demonic crawler!
The demonic crawler is heavily wounded.
The demonic crawler is knocked back by the mystic blast.
The mystic blast hits the demonic crawler!
The demonic crawler is almost dead.
The demonic crawler hits you! The demonic crawler hits you.
The demonic crawler closely misses you.
Casting: Iskenderun's Mystic Blast (dangerous; 1% risk of failure)
Confirm with . or Enter, or press ? or * to list all spells.
You miscast Iskenderun's Mystic Blast.
You are very lightly contaminated with residual magic.
Nothing appears to happen.
The demonic crawler hits you.
The demonic crawler completely misses you.
The demonic crawler barely misses you. x2; The demonic crawler hits you!
The demonic crawler hits you.
Casting: Iskenderun's Mystic Blast (dangerous; 1% risk of failure)
Confirm with . or Enter, or press ? or * to list all spells.
You erupt in a blast of force!
The mystic blast hits the demonic crawler!
The demonic crawler is heavily wounded.
The demonic crawler is knocked back by the mystic blast.
The mystic blast hits the demonic crawler!
The demonic crawler is severely wounded.
The mystic blast hits the demonic crawler!
You kill the demonic crawler!
Sif Muna accepts your kill.
The mystic blast hits the demonic crawler!
The demonic crawler is almost dead.
The demonic crawler hits you!
* * * LOW HITPOINT WARNING * * *
The demonic crawler hits you!
You die...

##################***************
.#..'..#__#..'.).#,,*,,,,+,,,,,,+
.'..#..'^.'..#.).##+#,****,,,,,**
'#####'#__####..@sss#,*,***,,,***
.#...#.####§.#####..+,*+*,***+*,,
##..##.#§§§§.#..#*+##**^,,*,*,**,
_##'#_.'≈§)§§§.§#,,,^,*,,,***,,**
..'..._#§§§§§#..#,,^,,+,,,,,**,*,
_##_.#'##§#####'###,,,*^,,,,*,,**
_###'#[#..).###.'.#,,,***++**,**,
####.####§###[###.#,^***,,***,,*+
..'...'.....'.∩##§#,,****,,***,,,


You could see 3 demonic crawlers.

Vanquished Creatures
  2 centaur warriors (D)
  Sonja (D)
  A deep troll (D)
  An oklob plant (D)
  An unseen horror (D)
  2 kobold demonologists (D)
  A demonic crawler (D)
  A hornet (D)
  A slime creature (D)
  2 redbacks (D)
  A yak (D)
  Sigmund (D)
  3 floating eyes (D)
  An ogre (D)
  7 necrophages (D)
  8 jellies (D)
  Ijyb (D)
  2 ballistomycete spores (D)
37 creatures vanquished.

Vanquished Creatures (collateral kills)
  8 shining eyes (D)
  An unseen horror (D)
  3 floating eyes (D)
12 creatures vanquished.

Vanquished Creatures (others)
  44 foxfires (D)
44 creatures vanquished.

Grand Total: 93 creatures vanquished

Notes
Turn   | Place    | Note
-------+----------+-------------------------------------------
     0 | D        | Conn the Octopode Fire Elementalist began the quest for the
                  | Orb.
     0 | D        | Reached XP level 1. HP: 11/11 MP: 3/3
     1 | D        | Noticed Ijyb
    16 | D        | Killed Ijyb
    17 | D        | Reached skill level 5 in Fire Magic
    17 | D        | Reached XP level 2. HP: 13/17 MP: 3/6
    17 | D        | Reached XP level 3. HP: 16/21 MP: 3/7
   148 | D        | Learned a level 3 spell: Conjure Flame
   152 | D        | Learned a level 3 spell: Inner Flame
   153 | D        | Noticed an ogre
   177 | D        | Killed an ogre
   178 | D        | Reached skill level 7 in Fire Magic
   178 | D        | Reached XP level 4. HP: 27/27 MP: 0/10
   276 | D        | Noticed Sigmund
   283 | D        | Learned a level 4 spell: Sticky Flame
   301 | D        | Killed Sigmund
   302 | D        | Reached skill level 5 in Spellcasting
   302 | D        | Reached skill level 9 in Fire Magic
   302 | D        | Reached XP level 5. HP: 29/31 MP: 3/12
   302 | D        | Reached XP level 6. HP: 34/36 MP: 3/14
   393 | D        | Found an ornate altar of the Wu Jian Council.
   393 | D        | Found a shimmering blue altar of Sif Muna.
   395 | D        | Found a radiant altar of Vehumet.
   440 | D        | Became a worshipper of Sif Muna the Loreminder
   443 | D        | Identified the +0 ring mail of Curiosity {*Slow rPois Str-4
                  | Slay+4}
   467 | D        | Learned a level 5 spell: Fireball
   467 | D        | Found Wopyxzaw's Antique Weapon Emporium.
   467 | D        | Found an ancient bone altar of Kikubaaqudgha.
   467 | D        | Found a hazy altar of Hepliaklqana.
   467 | D        | Found a stormy altar of Qazlal.
   467 | D        | Found a hide-covered altar of Uskayaw.
   467 | D        | Found a blossoming altar of Fedhas.
   467 | D        | Found a bloodstained altar of Trog.
   467 | D        | Found an iron altar of Okawaru.
   467 | D        | Found a basalt altar of Yredelemnul.
   467 | D        | Found a glowing golden altar of the Shining One.
   467 | D        | Found a snail-covered altar of Cheibriados.
   467 | D        | Found a sacrificial altar of Ru.
   467 | D        | Found a glowing silver altar of Zin.
   467 | D        | Found a shadowy altar of Dithmenos.
   467 | D        | Found a white marble altar of Elyvilon.
   467 | D        | Noticed a yak
   482 | D        | Killed a yak
   483 | D        | Reached skill level 5 in Dodging
   483 | D        | Reached skill level 10 in Fire Magic
   483 | D        | Reached XP level 7. HP: 37/41 MP: 8/16
   537 | D        | Found an opulent altar of Gozag.
   538 | D        | Found a sparkling altar of Nemelex Xobeh.
   542 | D        | Bought a jewelled trident for 170 gold pieces
   542 | D        | Identified the +0 trident "Qaidewk" {speed, rF+ Int+2} (You
                  | bought it in a shop in the Dungeon)
   549 | D        | Noticed Sonja
   553 | D        | HP: 2/41 [Sonja (7)]
   557 | D        | Killed Sonja
   558 | D        | Reached skill level 5 in Conjurations
   558 | D        | Reached skill level 11 in Fire Magic
   558 | D        | Reached XP level 8. HP: 6/47 MP: 13/20
   970 | D        | Found Hyuppuniymm's General Store.
   990 | D        | Noticed a deep troll
  1003 | D        | Killed a deep troll
  1003 | D        | Reached * piety under Sif Muna
  1004 | D        | Reached skill level 1 in Fighting
  1004 | D        | Reached skill level 1 in Polearms
  1004 | D        | Reached skill level 12 in Fire Magic
  1035 | D        | Found Qoull's Armour Emporium.
  1120 | D        | Noticed a centaur warrior
  1122 | D        | Killed a centaur warrior
  1123 | D        | Reached skill level 10 in Stealth
  1123 | D        | Reached skill level 10 in Spellcasting
  1123 | D        | Reached XP level 9. HP: 53/53 MP: 6/23
  1126 | D        | Killed a centaur warrior
  1127 | D        | Reached skill level 13 in Fire Magic
  1242 | D        | Noticed a hornet
  1246 | D        | Killed a hornet
  1246 | D        | Reached ** piety under Sif Muna
  1330 | D        | Noticed an oklob plant
  1516 | D        | Killed an oklob plant
  1517 | D        | Reached skill level 10 in Conjurations
  1517 | D        | Reached XP level 10. HP: 60/60 MP: 3/25
  1637 | D        | Reached skill level 1 in Evocations
  1721 | D        | Killed an unseen horror
  1721 | D        | Reached *** piety under Sif Muna
  1722 | D        | Noticed an unseen horror
  1723 | D        | Killed an unseen horror
  1790 | D        | Reached **** piety under Sif Muna
  1806 | D        | Reached ***** piety under Sif Muna
  1824 | D        | Identified Sif Muna's Catalogue of Flamy Weightlessness
                  | (Sif Muna gifted it to you in the Dungeon)
  1824 | D        | Received a gift from Sif Muna
  2010 | D        | Found Nunag's Weapon Shoppe.
  2011 | D        | Found Siojarchi's Magic Scroll Shop.
  2011 | D        | Found Wadaun's Book Boutique.
  2029 | D        | Found Xume's Weapon Emporium.
  2029 | D        | Found Sarch's General Store.
  2029 | D        | Found Podiub's Book Shoppe.
  2029 | D        | Found Ynta's Armour Boutique.
  2029 | D        | Found Maozizem's Antique Weapon Emporium.
  2029 | D        | Found Xayfir's Weapon Shop.
  2029 | D        | Found Xura Keu's Assorted Antiques.
  2039 | D        | Learned a level 5 spell: Bolt of Magma
  2044 | D        | Learned a level 4 spell: Airstrike
  2050 | D        | Learned a level 5 spell: Freezing Cloud
  2050 | D        | Found Gufasur's Armour Boutique.
  2051 | D        | Found Weves's Jewellery Emporium.
  2051 | D        | Found Ojia's Book Boutique.
  2052 | D        | Found Ivozifir's Antique Armour Emporium.
  2060 | D        | Bought a book of Minor Magic for 220 gold pieces
  2064 | D        | Learned a level 2 spell: Blink
  2129 | D        | Found a burning altar of Makhleb.
  2129 | D        | Found a viscous altar of Jiyva.
  2129 | D        | Found a shimmering altar of Xom.
  2129 | D        | Found a corrupted altar of Lugonu.
  2206 | D        | Noticed a kobold demonologist
  2207 | D        | Noticed a kobold demonologist
  2208 | D        | Killed a kobold demonologist
  2208 | D        | Killed a kobold demonologist
  2209 | D        | Reached skill level 1 in Translocations
  2209 | D        | Reached skill level 1 in Ice Magic
  2209 | D        | Reached skill level 1 in Air Magic
  2209 | D        | Reached skill level 1 in Earth Magic
  2209 | D        | Reached skill level 1 in Invocations
  2431 | D        | Learned a level 2 spell: Call Imp
  2438 | D        | Noticed a shining eye
  2438 | D        | Noticed a shining eye
  2438 | D        | Noticed a shining eye
  2443 | D        | Paralysed by a floating eye for 3 turns
  2456 | D        | Killed a shining eye
  2465 | D        | Gained mutation: You are weak. (Str -2) [a shining eye]
  2482 | D        | Killed a shining eye
  2482 | D        | Identified Sif Muna's Tome of Lightness and Stolen Souls
                  | (Sif Muna gifted it to you in the Dungeon)
  2482 | D        | Received a gift from Sif Muna
  2506 | D        | Noticed a shining eye
  2511 | D        | Reached XP level 11. HP: 65/65 MP: 13/27
  2542 | D        | Killed a shining eye
  2543 | D        | Reached skill level 1 in Summonings
  2546 | D        | Noticed a shining eye
  2546 | D        | Noticed a shining eye
  2572 | D        | Killed a shining eye
  2573 | D        | Reached skill level 14 in Fire Magic
  2582 | D        | Noticed a shining eye
  2593 | D        | Noticed a shining eye
  2647 | D        | Killed a shining eye
  2647 | D        | Identified Sif Muna's Tome of Congealing Toxins (Sif Muna
                  | gifted it to you in the Dungeon)
  2647 | D        | Received a gift from Sif Muna
  2671 | D        | Killed a shining eye
  2688 | D        | Killed a shining eye
  2708 | D        | Killed a shining eye
  2725 | D        | Found Dogies's Armour Shop.
  2725 | D        | Found Zuvat's Armour Shoppe.
  2725 | D        | Found Cuin's Antique Armour Boutique.
  2725 | D        | Found Niranut's Weapon Emporium.
  2742 | D        | Bought a +1 hat of stealth for 160 gold pieces
  2805 | D        | Learned a level 4 spell: Hailstorm
  2848 | D        | Bought a book of Conjurations for 330 gold pieces
  2858 | D        | Learned a level 4 spell: Iskenderun's Mystic Blast
  2905 | D        | Slain by a demonic crawler

Illustrated notes

Levels and vault maps discovered:
D:        dungeon_sprint_1 [red_sonja_temple_1, red_sonja_temple_small_1]

Skill      XL: |  1  2  3  4  5  6  7  8  9 10 11 |
---------------+----------------------------------+-----
Stealth        | 3 4 6 7 8 10 | 10.7
Spellcasting   | 3 4 5 6 8 10 11 12 | 12.7
Fire Magic     | 5 7 9 10 11 12 13 14 | 14.0
Dodging        | 3 4 5 6 |  6.7
Conjurations   | 2 3 5 8 10 11 | 11.9
Fighting       | 1 2 |  2.4
Polearms       | 1 2 |  2.9
Evocations     | 1 |  1.5
Translocations | 2 3 |  3.4
Ice Magic      | 2 3 |  3.5
Air Magic      | 2 3 |  3.4
Earth Magic    | 2 3 |  3.3
Invocations    | 2 3 |  3.8
Summonings     | 2 |  2.3
Throwing       | |  0.7

Action                   |  1- 3 |  4- 6 |  7- 9 | 10-12 || total
-------------------------+-------+-------+-------+-------++-------
Melee: Unarmed           |     9 |       |       |       ||     9
       Tentacles         |     2 |       |       |       ||     2
       Constrict         |     1 |       |       |     1 ||     2
       Trident           |       |       |     3 |    24 ||    27
Throw: Dart              |       |       |     1 |       ||     1
 Cast: Foxfire           |     7 |    12 |     2 |     4 ||    25
       Conjure Flame     |     1 |     3 |     1 |     2 ||     7
       Fireball          |       |       |    17 |    13 ||    30
       Sticky Flame      |       |       |     2 |     2 ||     4
       Call Imp          |       |       |       |    16 ||    16
       Bolt of Magma     |       |       |       |     4 ||     4
       Iskenderun's Myst |       |       |       |     6 ||     6
Invok: Forget Spell      |       |       |       |     2 ||     2
Evoke: Wand              |       |       |     2 |       ||     2
  Use: Potion            |     1 |       |     3 |       ||     4
       Scroll            |       |       |     1 |     6 ||     7
 Stab: Sleeping          |       |       |     1 |       ||     1
Armor: Skin              |       |       |       |     2 ||     2
Dodge: Dodged            |     3 |       |     8 |    10 ||    21

Table legend: (Time is in decaauts)
 A = Elapsed time spent in this place.
 B = Non-inter-level travel time spent in this place.
 C = Inter-level travel time spent in this place.
 D = Time resting spent in this place.
 E = Time spent auto-exploring this place.
 F = Levels seen in this place.
 G = Mean time per level.
                   A        B        C        D        E       F      G
               +--------+--------+--------+--------+--------+-----+--------+
         Total |   2919 |   2919 |      0 |   1673 |      0 |   1 | 2919.0 |
       Dungeon |   2919 |   2919 |      0 |   1673 |      0 |   1 | 2919.0 |
               +--------+--------+--------+--------+--------+-----+--------+

Top non-repeatable levels by time:
       D: 2919 daAuts
